 Dungeon Crawl Stone Soup version 0.28-a0-595-g9f6c0e134a (webtiles) character file.

Game seed: 9543922088629563946

15502 lunkers the Brawler (level 12, -8/126 HPs)
             Began as a Troll Cinder Acolyte on Oct 4, 2021.
             Was a High Priest of Ignis.
             Mangled by an eight-headed hydra (9 damage)
             ... on level 2 of the Lair of Beasts.
             The game lasted 00:18:35 (7819 turns).

lunkers the Brawler (Troll Cinder Acolyte)          Turns: 7819, Time: 00:18:35

Health: -8/126     AC: 12    Str: 25    XL:     12   Next: 1%
Magic:  12/12      EV:  9    Int: 10    God:    Ignis [*****.]
Gold:   531        SH:  0    Dex:  9    Spells: 13/13 levels left

rFire   + + .      SeeInvis .     - Unarmed
rCold   . . .      Faith    .   (no shield)
rNeg    . . .      Spirit   .   v - +0 steam dragon scales
rPois   .          Reflect  .   (helmet restricted)
rElec   .          Harm     .   F - +0 cloak
rCorr   .          Rampage  .   (gloves unavailable)
Will    .....                   (boots unavailable)
Stlth   +.........              y - amulet of regeneration
HPRegen 2.31/turn               t - ring of protection from fire
MPRegen 0.13/turn               q - +4 ring of protection

@: no status effects
A: large, unfitting armour, claws 3, regeneration 1, shaggy fur 1, tough skin 1
a: Renounce Religion, Sea of Fire, Foxfire Swarm, Rising Flame


You were on level 2 of the Lair of Beasts.
You worshipped Ignis.
Ignis was extremely pleased with you.
You visited 2 branches of the dungeon, and saw 11 of its levels.

You collected 531 gold pieces.

Inventory:

Missiles
 u - 3 throwing nets
Armour
 v - +0 steam dragon scales (worn)
 F - a +0 cloak (worn)
Jewellery
 k - a ring of protection from fire
 o - a ring of resist corrosion
 q - a +4 ring of protection (right claw)
 t - a ring of protection from fire (left claw)
 y - an amulet of regeneration (around neck)
 A - a +6 ring of dexterity
Wands
 B - a wand of flame (4)
Scrolls
 f - 2 scrolls of magic mapping
 i - 4 scrolls of teleportation
Potions
 b - 3 potions of magic
 c - a potion of might
 d - 2 potions of attraction
 e - a potion of brilliance
 g - 5 potions of curing
 h - a potion of berserk rage {unknown}
 j - a potion of experience {unknown}
 l - a potion of flight {unknown}
 m - a potion of heal wounds {unknown}
 n - a potion of mutation {unknown}
 w - a potion of ambrosia {unknown}
 x - 2 potions of lignification
 z - a potion of haste {unknown}
 D - a potion of degeneration {unknown}
Miscellaneous
 p - a tin of tremorstones (2/2)


   Skills:
 + Level 10.0 Fighting
 * Level 16.1 Unarmed Combat
 - Level 1.0 Spellcasting
 - Level 2.1 Fire Magic


You had 13 spell levels left.
You didn't know any spells.
Your spell library contained the following spells:

 Spells                   Type           Power      Damage    Failure   Level
 Scorch                   Fire           8%         2d5       22%         2
 Blink                    Tloc           N/A        N/A       45%         2
 Corpse Rot               Necr/Air       N/A        N/A       45%         2
 Poisonous Vapours        Pois/Air       0%         N/A       45%         2
 Call Canine Familiar     Summ           0%         N/A       71%         3
 Gell's Gravitas          Tloc           0%         N/A       71%         3
 Lesser Beckoning         Tloc           0%         N/A       71%         3
 Portal Projectile        Hex/Tloc       0%         N/A       71%         3
 Teleport Other           Tloc           0%         N/A       71%         3
 Leda's Liquefaction      Hex/Erth       0%         N/A       98%         4
 Manifold Assault         Tloc           0%         N/A       100%        5
 Conjure Ball Lightning   Conj/Air       0%         3x3d6     100%        6
 Dispersal                Tloc           0%         N/A       100%        6
 Discord                  Hex            0%         N/A       100%        8
 Disjunction              Tloc           0%         N/A       100%        8


Dungeon Overview and Level Annotations

Branches:
Dungeon (9/15)             Temple (0/1) D:5            Lair (2/6) D:8
  Swamp: Lair:2-4    Shoals: Lair:2-4     Snake: Lair:2-4    Spider: Lair:2-4
    Orc: D:9-12

Altars:
Ashenzari
Cheibriados
Ru
Trog
Vehumet
Wu Jian
Xom
Yredelemnul
The Shining One

Shops:
D:5 ?

Annotations:
Lair:1 exclusion: oklob plant


Innate Abilities, Weirdness & Mutations

You are too large for most types of armour.
You have claws for hands.
Your natural rate of healing is unusually fast.
You are covered in fur. (AC +1)
You have tough skin. (AC +1)


Message History

Press: ? - help, Shift-Dir - straight line, f/p - eight-headed hydra
Aim: an eight-headed hydra (severely wounded, 89% to hit)
The puff of flame misses the eight-headed hydra.
The bullfrog hits you but does no damage.
The eight-headed hydra bites you.
* * * LOW HITPOINT WARNING * * *
The eight-headed hydra barely misses you.
The eight-headed hydra closely misses you.
The eight-headed hydra bites you.
* * * LOW HITPOINT WARNING * * *
The eight-headed hydra bites you!
* * * LOW HITPOINT WARNING * * *
The eight-headed hydra closely misses you.
The eight-headed hydra bites you.
* * * LOW HITPOINT WARNING * * *
The eight-headed hydra bites you.
* * * LOW HITPOINT WARNING * * *
You don't have any such object.
Evoke which item? (* to show all) (? for menu, Esc to quit)
Aiming: Throw Flame
Press: ? - help, Shift-Dir - straight line, f/p - eight-headed hydra
Aim: an eight-headed hydra (severely wounded, 89% to hit)
The puff of flame hits the eight-headed hydra!
The eight-headed hydra is almost dead.
The wyvern bites you.
* * * LOW HITPOINT WARNING * * *
The cane toad closely misses you.
The bullfrog hits you but does no damage.
The eight-headed hydra bites you!
* * * LOW HITPOINT WARNING * * *
The eight-headed hydra closely misses you.
The eight-headed hydra bites you!
* * * LOW HITPOINT WARNING * * *
The eight-headed hydra closely misses you.
The eight-headed hydra bites you.
* * * LOW HITPOINT WARNING * * *
The eight-headed hydra bites you!
* * * LOW HITPOINT WARNING * * *
The eight-headed hydra bites you!
You die...

......##.... ..
................#P..
..........≈.≈≈..#...
........≈≈≈≈≈≈≈≈.#..
........≈≈≈≈≈≈≈≈≈...
.......≈≈≈≈≈≈≈≈≈≈...
.......≈≈≈≈≈≈≈≈≈...
#...l≈≈≈<.≈≈≈≈..
#.D@F≈≈≈≈≈≈≈≈...
.....P.≈F≈≈≈≈≈≈≈≈...
...#P...≈≈≈≈≈≈≈≈≈...
.........≈≈≈≈≈≈≈.+..
<..P........≈.≈.#...
...##.....##...###..
##.#P....####P## ..
. ......# ##


You could see an eight-headed hydra, a cane toad, a wyvern and a bullfrog.

Vanquished Creatures
  Gastronok (D:8)
  3 two-headed ogres (D:9)
  Erica (D:8)
  A deep elf pyromancer (D:9)
  Maurice (D:8)
  A black mamba (Lair:1)
  A rime drake (Lair:1)
  2 komodo dragons
  5 blink frogs (Lair:1)
  23 yaks
  A basilisk (Lair:1)
  2 steam dragons
  A water moccasin (D:5)
  3 orc warriors (D:9)
  An ice beast (D:4)
  A necrophage (D:6)
  4 sky beasts
  3 ogres
  26 wolves (Lair:1)
  A centaur (D:6)
  A phantom (D:4)
  2 bullfrogs (D:7)
  2 kobold brigands
  3 scorpions
  A wyvern zombie (D:8)
  A water moccasin zombie (D:5)
  15 wights
  A howler monkey (D:4)
  2 vampire bats (Lair:1)
  2 bullfrog zombies
  A jelly (D:4)
  5 orc priests
  2 hounds
  A bullfrog skeleton (D:6)
  2 gnoll shamans
  A centaur skeleton (D:5)
  2 iguanas
  4 orc wizards
  2 killer bee zombies (D:7)
  A howler monkey zombie (D:9)
  11 gnolls
  5 adders
  3 shadow imps
  3 white imps
  2 ufetubi (D:5)
  An adder skeleton (D:5)
  3 worms
  A dart slug (D:4)
  26 orcs
  4 ball pythons
  8 bats
  3 endoplasms
  4 giant cockroaches
  7 goblins
  3 hobgoblins
  4 jackals (D:1)
  A quokka (D:4)
  2 frilled lizards
  14 kobolds
  5 rats (D:3)
243 creatures vanquished.

Vanquished Creatures (others)
  2 fungi (Lair:1)
  2 plants (Lair:1)
4 creatures vanquished.

Grand Total: 247 creatures vanquished

Notes
Turn   | Place    | Note
-------+----------+-------------------------------------------
     0 | D:1      | lunkers the Troll Cinder Acolyte began the quest for the
                  | Orb.
     0 | D:1      | Reached XP level 1. HP: 22/22 MP: 1/1
   137 | D:1      | Reached XP level 2. HP: 29/29 MP: 2/2
   771 | D:2      | Reached XP level 3. HP: 36/36 MP: 3/3
  1006 | D:2      | Reached skill level 4 in Unarmed Combat
  1376 | D:3      | Found an ornate altar of the Wu Jian Council.
  1563 | D:3      | Found a broken altar of Ashenzari.
  1751 | D:4      | Reached XP level 4. HP: 28/45 MP: 4/4
  1798 | D:4      | Reached skill level 5 in Unarmed Combat
  1798 | D:4      | Reached XP level 5. HP: 51/53 MP: 5/5
  1810 | D:4      | Found a bloodstained altar of Trog.
  1861 | D:4      | Noticed an ogre
  1870 | D:4      | Killed an ogre
  1906 | D:4      | Reached XP level 6. HP: 62/62 MP: 6/6
  1996 | D:4      | Found a snail-covered altar of Cheibriados.
  2071 | D:4      | Reached skill level 6 in Unarmed Combat
  2161 | D:4      | Noticed an ice beast
  2187 | D:4      | Killed an ice beast
  2192 | D:4      | Reached XP level 7. HP: 28/70 MP: 7/7
  2490 | D:5      | Entered Level 5 of the Dungeon
  2496 | D:5      | Reached skill level 7 in Unarmed Combat
  2767 | D:5      | Found a staircase to the Ecumenical Temple.
  2931 | D:5      | Reached skill level 8 in Unarmed Combat
  2976 | D:5      | Found a shimmering altar of Xom.
  2983 | D:5      | Found a glowing golden altar of the Shining One.
  3053 | D:5      | Found Duesig's Magic Scroll Shop.
  3129 | D:5      | Reached skill level 5 in Fighting
  3326 | D:5      | Reached XP level 8. HP: 55/80 MP: 8/8
  3565 | D:6      | Reached skill level 9 in Unarmed Combat
  3866 | D:6      | Reached skill level 10 in Unarmed Combat
  4278 | D:7      | Found a basalt altar of Yredelemnul.
  4288 | D:7      | Reached XP level 9. HP: 89/89 MP: 9/9
  4309 | D:7      | Found a radiant altar of Vehumet.
  5047 | D:8      | Found a staircase to the Lair.
  5067 | D:8      | Found a sacrificial altar of Ru.
  5160 | D:8      | Noticed Maurice
  5194 | D:8      | Paralysed by something for 3 turns
  5225 | D:8      | Reached skill level 11 in Unarmed Combat
  5229 | D:8      | Paralysed by something for 6 turns
  5265 | D:8      | Killed Maurice
  5269 | D:8      | Noticed Erica
  5311 | D:8      | Noticed Gastronok
  5328 | D:8      | Killed Gastronok
  5329 | D:8      | Reached skill level 12 in Unarmed Combat
  5329 | D:8      | Reached XP level 10. HP: 56/102 MP: 10/10
  5545 | D:8      | Killed Erica
  5813 | D:9      | Noticed a deep elf pyromancer
  5822 | D:9      | Killed a deep elf pyromancer
  5823 | D:9      | Reached skill level 13 in Unarmed Combat
  5829 | D:9      | Noticed a two-headed ogre
  5842 | D:9      | Killed a two-headed ogre
  5967 | D:9      | Noticed a two-headed ogre
  5975 | D:9      | Killed a two-headed ogre
  6136 | D:9      | Noticed a two-headed ogre
  6147 | D:9      | Killed a two-headed ogre
  6148 | D:9      | Reached skill level 14 in Unarmed Combat
  6213 | D:9      | Reached XP level 11. HP: 97/113 MP: 11/11
  6615 | Lair:1   | Entered Level 1 of the Lair of Beasts
  6891 | Lair:1   | Noticed an oklob plant
  6934 | Lair:1   | Reached skill level 15 in Unarmed Combat
  7766 | Lair:1   | Reached skill level 16 in Unarmed Combat
  7774 | Lair:1   | Reached skill level 10 in Fighting
  7777 | Lair:1   | Reached XP level 12. HP: 97/126 MP: 12/12
  7808 | Lair:2   | Noticed an eight-headed hydra
  7819 | Lair:2   | HP: 1/126 [eight-headed hydra (7)]
  7819 | Lair:2   | Mangled by an eight-headed hydra

Illustrated notes

Levels and vault maps discovered:
D:1:      giann_wishing_wells, layout_loops_ring, chequers_arboretum
D:2:      layout_basic, st_stairs_5, kennysheep_generic_room_8
D:3:      layout_loops_ring, mainiacjoe_overflow_alcove_4,
          mainiacjoe_overflow_boulevard
D:4:      layout_loops_ring, nicolae_overflow_hidden_temple
D:5:      layout_loops_ring, mainiacjoe_overflow_big_doors, temple_statues,
          serial_shops, shop_fountains, minmay_between
D:6:      layout_rooms, hangedman_minor_gate_pass
D:7:      layout_loops_ring, mainiacjoe_overflow_catwalk_spiral,
          hangedman_abyss_or_decor_stagger
D:8:      layout_cave_pools, nicolae_ru_awakened_eye, lair_entry_dummy,
          uniq_erica, uniq_gastronok, uniq_maurice
D:9:      minmay_skewed_foursquare, layout_basic, minmay_misc_feat_ornament
Lair:1:   layout_regular_city, roderic_batcave, minmay_lair_oklob_items,
          grunt_forest_large_clearings, grunt_megastairs_3
Lair:2:   layout_regular_city, infiniplex_staircase_pool_2

Skill      XL: |  1  2  3  4  5  6  7  8  9 10 11 |
---------------+----------------------------------+-----
Unarmed Combat | 4 5 6 8 10 12 14 16 | 16.1
Fighting       | 3 4 5 6 7 8 10 | 10.0
Spellcasting   | |  1.0
Fire Magic     | |  2.1

Action                   |  1- 3 |  4- 6 |  7- 9 | 10-12 || total
-------------------------+-------+-------+-------+-------++-------
Melee: Unarmed           |   125 |    62 |   248 |   368 ||   803
       Punch             |     2 |       |     8 |    25 ||    35
Evoke: Wand              |       |       |       |    19 ||    19
  Use: Scroll            |       |       |     6 |     8 ||    14
       Potion            |       |       |       |     1 ||     1
Armor: Robe              |    56 |     8 |    32 |       ||    96
       Steam dragon scal |       |       |    42 |   160 ||   202
Dodge: Dodged            |    56 |    23 |   108 |   163 ||   350

Table legend: (Time is in decaauts)
 A = Elapsed time spent in this place.
 B = Non-inter-level travel time spent in this place.
 C = Inter-level travel time spent in this place.
 D = Time resting spent in this place.
 E = Time spent auto-exploring this place.
 F = Levels seen in this place.
 G = Mean time per level.
                   A        B        C        D        E       F      G
               +--------+--------+--------+--------+--------+-----+--------+
         Total |   7741 |   7454 |    287 |    158 |   5566 |  11 |  703.7 |
       Dungeon |   6665 |   6392 |    273 |    158 |   4810 |   9 |  740.6 |
          Lair |   1076 |   1063 |     13 |      0 |    756 |   2 |  538.0 |
               +--------+--------+--------+--------+--------+-----+--------+

Top non-repeatable levels by time:
  Lair:1: 1058 daAuts
     D:5: 930 daAuts
     D:7: 897 daAuts
     D:8: 827 daAuts
     D:9: 815 daAuts
     D:4: 764 daAuts
     D:6: 722 daAuts
     D:1: 695 daAuts
     D:3: 554 daAuts
     D:2: 457 daAuts
  Lair:2: 18 daAuts
